 Dungeon Crawl Stone Soup version 0.21-a0-634-gaf8bc5d (webtiles) character file.

56 Megalobster the Poker (level 3, -7/28 HPs)
             Began as a Merfolk Skald on Dec 29, 2017.
             Killed from afar by Natasha (8 damage)
             ... with a magic dart
             ... on level 2 of the Dungeon.
             The game lasted 00:02:50 (1760 turns).

Megalobster the Poker (Merfolk Skald)               Turns: 1760, Time: 00:02:51

Health: -7/28      AC:  3    Str: 12    XL:     3   Next: 95%
Magic:  2/6        EV: 13    Int: 12    God:
Gold:   35         SH:  0    Dex: 13    Spells: 1/6 levels left

rFire    . . .     SeeInvis .   a - +0 spear
rCold    . . .     Gourm    .   (no shield)
rNeg     . . .     Faith    .   b - +0 leather armour
rPois    .         Spirit   .   (no helmet)
rElec    .         Reflect  .   (no cloak)
rCorr    .         Harm     .   (no gloves)
MR       .....                  (no boots)
Stlth    +.........             (no amulet)
HPRegen  0.09/turn              (no ring)
MPRegen  0.10/turn              (no ring)

@: infused (expiring)
A: change form in water, swift swim, stealthy swim
a: no special abilities


You were on level 2 of the Dungeon.
You were not hungry.

You visited 1 branch of the dungeon, and saw 2 of its levels.

You collected 35 gold pieces.

Inventory:

Hand Weapons
 a - a +0 spear (weapon)
Missiles
 l - 19 stones (quivered)
Armour
 b - a +0 leather armour (worn)
Scrolls
 e - a scroll of teleportation {unknown}
 i - a scroll of identify {unknown}
 j - a scroll of magic mapping {unknown}
Potions
 f - a potion of heal wounds {unknown}
 g - a potion of flight {unknown}
 h - a potion of haste {unknown}
Books
 c - a book of Battle

   Spells                             Type                      Level
   a - Infusion                       Charms                       1
   b - Shroud of Golubria             Charms/Translocation         2
   c - Song of Slaying                Charms                       2
   d - Spectral Weapon                Hexes/Charms                 3
   e - Regeneration                   Charms/Necromancy            3
Comestibles
 d - 2 rations
 k - a chunk of flesh


   Skills:
 + Level 2.7 Fighting
 * Level 4.2 Polearms
 - Level 0.6 Armour
 + Level 3.2 Dodging
 + Level 2.3 Spellcasting
 + Level 3.6 Charms


You had one spell level left.
You knew the following spells:

 Your Spells              Type           Power        Failure   Level  Hunger
a - Infusion              Chrm           ##..         8%          1    ##.....
b - Song of Slaying       Chrm           ##......     11%         2    ###....
c - Shroud of Golubria    Chrm/Tloc      #.........   24%         2    ###....


Dungeon Overview and Level Annotations

Branches:
Dungeon (2/15)

Altars:

Annotations:
D:2 Natasha


Message History

You hit Natasha!
Natasha is heavily wounded.
Natasha claws you.
You completely miss Natasha.
Natasha is heavily wounded.
Natasha claws you.
You hit Natasha.
Natasha is severely wounded.
Natasha stares at you and mumbles some strange words.
The magic dart hits you!
* * * LOW HITPOINT WARNING * * *
Unknown command.
You closely miss Natasha.
Natasha is severely wounded.
Your magical infusion is running out.
Natasha wildly gestures.
Natasha shimmers violently.
Natasha stares at you and mumbles some strange words.
The magic dart hits you!
You die...

...................##....
#######.###...............
###.......)........#....%.
....##..###.....)..#......
.#####.## #........# .....
.# ...# #####.###.%#####
## ##### #.# ..# ##.#
######.## .## .....
.....(..@# .# ##...
..?.....h# ####...... .
####!#.# # #.#.# #...#
#..## ..


You could see Natasha.

Vanquished Creatures
  2 adders (D:2)
  A worm (D:2)
  A dart slug (D:2)
  2 leopard geckos
  2 bats
  A giant cockroach (D:1)
  4 goblins
  6 hobgoblins
  2 jackals (D:2)
  A quokka (D:2)
  2 frilled lizards
  A kobold (D:1)
  6 rats
31 creatures vanquished.

Vanquished Creatures (others)
  A rat (D:2)
1 creature vanquished.

Grand Total: 32 creatures vanquished

Notes
Turn   | Place    | Note
-------+----------+-------------------------------------------
     0 | D:1      | Megalobster the Merfolk Skald began the quest for the Orb.
     0 | D:1      | Reached XP level 1. HP: 16/16 MP: 3/3
   121 | D:1      | Reached XP level 2. HP: 23/23 MP: 5/5
   125 | D:1      | Learned a level 2 spell: Song of Slaying
   128 | D:1      | Learned a level 2 spell: Shroud of Golubria
   707 | D:2      | Reached XP level 3. HP: 14/28 MP: 4/6
  1082 | D:2      | Reached skill level 4 in Polearms
  1751 | D:2      | Noticed Natasha
  1759 | D:2      | HP: 1/28 [Natasha/magic dart (8)]
  1760 | D:2      | Killed from afar by Natasha

Vault maps used:
D:1:      dpeg_arrival_orchard, serial_co_window_serial, co_window_corner_a,
          co_window_corner_a, co_window_paths_b, co_window_paths_a,
          co_window_of_opportunity_a, co_window_paths_b, co_window_corner_a,
          co_window_corner_a, co_window_paths_b, co_window_unsneaky_path_a,
          co_window_of_opportunity_b, co_window_unsneaky_path_a,
          co_window_4corner_a, glass_columns_b, feat_on_display
D:2:      first_ration, bloody_trog, uniq_natasha

Skill      XL: |  1  2  3 |
---------------+----------+-----
Dodging        | 3 |  3.2
Polearms       | 4 |  4.2
Fighting       | |  2.7
Armour         | |  0.6
Spellcasting   | |  2.3
Charms         | |  3.6

Action                   || total
-------------------------++-------
Melee: Spear             ||   119
 Cast: Song of Slaying   ||     1
       Infusion          ||     4
 Stab: Sleeping          ||     1
  Eat: Ration            ||     1
       Chunk             ||     1
Armor: Leather armour    ||    20
Dodge: Dodged            ||    66

Table legend:
 A = Spawn XP
 B = Non-spawn XP
 C = Spawn XP percentage of total XP
 D = Spawn monster count
 E = Non-spawn monster count
 F = Spawn count percentage of total count
 G = Total turns spent on level
                    A         B        C        D         E        F      G
               +---------+---------+-------+---------+---------+-------+---------
         Total |       0 |      80 |   0.0 |       0 |      31 |   0.0 |  1760
               +---------+---------+-------+---------+---------+-------+---------
           D:1 |       0 |      25 |   0.0 |       0 |      15 |   0.0 |   803
           D:2 |       0 |      55 |   0.0 |       0 |      16 |   0.0 |   957
               +---------+---------+-------+---------+---------+-------+---------
